cohdb
Replays
Latest Replays
All Replays
Popular Replays
Top Player Replays
Match Explorer
How It Works
Community
CoH3 Stats
Reddit
Sign in to upload your games and track your stats! →
Sign in with Steam
Match 43041959
Unlisted
Match 43041959
Overview
Messages
Build Orders
End
Kradschützen Motorcycle Team
Panzergrenadier Squad
250 Light Carrier
Construct Light Support Kompanie
Combat Half-tracks
Fire Support Elements
MG34 Team
Flakvierling Half-track
Selects Armored Support Battlegroup
Selects Veteran Gunners
2.5-tonne Medical Truck
Pak 38 Mechanized Group
Vehicle Survival Package
Construct Panzerarmee Kommand
Selects Salvage Kits
Selects Panzer Storm
Emergency Repair Kits
Armored Reserves
Tungsten Core Ammunition
Rapid Advance
Tiger Heavy Tank
Selects Stuka Anti-tank Loiter
Blacksmith
Genki
Fusi
notan3xit
0
0
Comments
sign in to comment!
No comments posted yet!